 Dungeon Crawl Stone Soup version 0.28.0-53-g5a82cb258f (webtiles) character file.

Game seed: 3765239123171388824

54 Sin92 the Firebug (level 3, -24/25 HPs)
             Began as a Demonspawn Fire Elementalist on July 2, 2022.
             Killed by an exploding gnoll (27 damage)
             ... ignited by their inner flame
             ... on level 2 of the Dungeon.
             The game lasted 00:05:58 (2126 turns).

Sin92 the Firebug (Demonspawn Fire Elementalist)    Turns: 2126, Time: 00:05:58

Health: -24/25     AC:  5    Str: 10    XL:     3   Next: 66%
Magic:  4/7        EV: 12    Int: 16    God:
Gold:   64         SH:  0    Dex: 13    Spells: 6/7 levels left

rFire   . . .      SeeInvis .   e - +0 hand axe
rCold   . . .      Faith    .   (no shield)
rNeg    . . .      Spirit   .   a - +0 robe
rPois   .          Reflect  .   (helmet restricted)
rElec   .          Harm     .   (no cloak)
rCorr   .          Rampage  .   c - +2 pair of gloves
Will    .....                   (no boots)
Stlth   ++........              (no amulet)
HPRegen 0.08/turn               (no ring)
MPRegen 0.10/turn               (no ring)

@: mighty
A: antennae 1
a: no special abilities


You were on level 2 of the Dungeon.
You visited 1 branch of the dungeon, and saw 3 of its levels.

You collected 64 gold pieces.

Inventory:

Hand Weapons
 b - a +0 club
 d - a +0 whip
 e - a +0 hand axe (weapon)
Armour
 a - a +0 robe (worn)
 c - a +2 pair of gloves (worn)


   Skills:
 + Level 0.9 Fighting
 + Level 0.4(0.5) Axes
 - Level 0.2(0.3) Maces & Flails
 + Level 0.9 Armour
 - Level 1.7 Dodging
 - Level 1.7 Stealth
 * Level 2.7 Spellcasting
 + Level 1.5 Conjurations
 + Level 2.9 Fire Magic


You had 6 spell levels left.
You knew the following spells:

 Your Spells              Type           Power      Damage    Failure   Level
a - Foxfire               Conj/Fire      36%        2x1d5     8%          1

Your spell library contained the following spells:

 Spells                   Type           Power      Damage    Failure   Level
 Scorch                   Fire           22%        2d6       9%          2
 Conjure Flame            Conj/Fire      9%         6-21      22%         3
 Inner Flame              Hex/Fire       6%         N/A       32%         3
 Ozocubu's Armour         Ice            2%         N/A       50%         3
 Flame Wave               Conj/Fire      9%         2d5       58%         4
 Metabolic Englaciation   Hex/Ice        1%         N/A       99%         5
 Simulacrum               Ice/Necr       1%         N/A       100%        6


Dungeon Overview and Level Annotations

Branches:
Dungeon (3/15)

Altars:


Innate Abilities, Weirdness & Mutations

You have a pair of small antennae on your head.


Message History

The gnoll shouts!
A gnoll comes into view. It is wielding a +0 club.
The gnoll hits you with a +0 whip.
You barely miss the gnoll.
The gnoll is heavily wounded.
The foxfire hits the gnoll.
The gnoll is severely wounded.
The foxfire hits the gnoll but does no damage.
The gnoll is severely wounded.
A gnoll comes into view. It is wielding a +0 whip.
The gnoll hits you with a +0 whip.
As you read the scroll labelled EMUNEY XIUBARO, it crumbles to dust.
The creatures around you are filled with an inner flame!
It was a scroll of immolation.
The gnoll hits you with a +0 whip.
The gnoll shouts!
You aren't carrying any potions.
The gnoll barely misses you.
You see here a green potion.
f - a green potion The gnoll hits you but does no damage.
The gnoll closely misses you.
Unknown command.
You aren't carrying any scrolls.
It was a potion of might.
You feel very mighty all of a sudden. The gnoll hits you with a +0 whip.
* * * LOW HITPOINT WARNING * * *
Unknown command.
You closely miss the gnoll.
The gnoll is severely wounded.
You barely miss the gnoll. The gnoll closely misses you.
Unknown command.
You slash the gnoll! You hit the gnoll.
Flame seeps out of the gnoll.
The gnoll explodes!
The fiery explosion engulfs the gnoll!!
You kill the gnoll!
The fiery explosion engulfs the gnoll!
The fiery explosion engulfs the gnoll!!
The fiery explosion engulfs you!!
Ouch! That really hurt!
You die...

# #####.##.# #. #........#
#. ######........#####
#......)......##...
#..............#...
#......###.........
#......# #####..###
##......###### #.# #
.######§○@.........# .. #
.......§§###...###.# ..##
.......§§#G#.(.#G# ..#
.........###...###... #.#
..................... #..
............._.......####.
...........g..............
####.....###...###........
.......#G#...#G#.......g


You could see a golden eye.

Vanquished Creatures
  6 gnolls
  3 dart slugs (D:1)
  An orc (D:2)
  4 ball pythons
  2 endoplasms (D:2)
  2 giant cockroaches (D:1)
  3 goblins (D:1)
  2 quokkas
  A bat (D:3)
  A frilled lizard (D:1)
  3 kobolds (D:1)
  4 rats
32 creatures vanquished.

Vanquished Creatures (others)
  46 foxfires
46 creatures vanquished.

Grand Total: 78 creatures vanquished

Notes
Turn   | Place    | Note
-------+----------+-------------------------------------------
     0 | D:1      | Sin92 the Demonspawn Fire Elementalist began the quest for
                  | the Orb.
     0 | D:1      | Reached XP level 1. HP: 13/13 MP: 3/3
   556 | D:1      | Gained mutation: You have a pair of small antennae on your
                  | head. [demonic ancestry]
   556 | D:1      | Reached XP level 2. HP: 6/20 MP: 3/5
   814 | D:1      | HP: 1/20 [constriction (1)]
  1746 | D:3      | Reached XP level 3. HP: 7/25 MP: 2/6
  2094 | D:2      | Found a faded altar of an unknown god.
  2095 | D:2      | Noticed a golden eye
  2097 | D:2      | Noticed a golden eye
  2098 | D:2      | Noticed a golden eye
  2098 | D:2      | Noticed a golden eye
  2126 | D:2      | Killed by an exploding gnoll... ignited by their inner
                  | flame

Illustrated notes

Levels and vault maps discovered:
D:1:      erik_arrival_orb_chamber, layout_basic
D:2:      layout_basic, hellmonk_ecumenical_altar_watching_god
D:3:      layout_rooms, mainiacjoe_overflow_catwalk, serial_shops, shop,
          minmay_joined_circles, uniq_crazy_yiuf_cottage

Action                   || total
-------------------------++-------
Melee: Unarmed           ||    26
       Club              ||    13
       Hand axe          ||    37
       Punch             ||     1
 Cast: Foxfire           ||    36
  Use: Scroll            ||     2
       Potion            ||     1
 Stab: Sleeping          ||     1
Armor: Robe              ||    29
Dodge: Dodged            ||    63
